 Dungeon Crawl Stone Soup version 0.30.1-4-g462c640d31 (webtiles) character file.

Game seed: 8446165924714358343

275 flappity the Shooter (level 6, -22/37 HPs)
             Began as a Kobold Hexslinger on Aug 16, 2023.
             Annihilated by an ogre
             ... wielding a +0 giant club
              (31 damage)
             ... on level 4 of the Dungeon.
             The game lasted 00:15:12 (4120 turns).

flappity the Shooter (Kobold Hexslinger)            Turns: 4120, Time: 00:15:13

Health: -22/37     AC:  3    Str:  7    XL:     6   Next: 49%
Magic:  5/8        EV: 16    Int: 17    God:
Gold:   165        SH:  0    Dex: 15    Spells: 7/8 levels left

rFire   . . .        a - +2 sling
rCold   . . .        (no shield)
rNeg    . . .        c - +0 robe
rPois   .            (no helmet)
rElec   .            (no cloak)
rCorr   .            (no gloves)
SInv    .            g - +0 pair of boots
Will    .....        (no amulet)
Stlth   ++           y - ring of willpower
HPRegen 0.26/turn    p - +4 ring of slaying
MPRegen 0.11/turn

%: no passive effects
@: weak-willed
A: small, no large weapons, nightstalker 3
a: no special abilities


You were on level 4 of the Dungeon.
You visited 1 branch of the dungeon, and saw 4 of its levels.

You collected 165 gold pieces.


Innate Abilities, Weirdness & Mutations

You are small and have problems with some larger weapons.
You are completely attuned to the shadows.


   Skills:
 + Level 3.2 Fighting
 + Level 4.6 Ranged Weapons
 + Level 1.8 Armour
 + Level 4.2 Dodging
 - Level 1.6 Spellcasting
 - Level 3.3 Hexes


You had 7 spell levels left.
You knew the following spells:

 Your Spells              Type           Power      Damage    Failure   Level
s - Slow                  Hex            48%        N/A       5%          1

Your spell library contained the following spells:

 Spells                   Type           Power      Damage    Failure   Level
 Lesser Beckoning         Tloc           2%         N/A       30%         2
 Inner Flame              Hex/Fire       7%         N/A       30%         3
 Portal Projectile        Hex/Tloc       14%        N/A       30%         3
 Cause Fear               Hex            6%         N/A       45%         4
 Gell's Gravitas          Tloc           1%         N/A       52%         3
 Teleport Other           Tloc           1%         N/A       52%         3
 Iskenderun's Mystic Bla  Conj/Tloc      1%         2d3       90%         4
 Summon Forest            Summ/Tloc      0%         N/A       99%         5
 Dispersal                Tloc           0%         N/A       100%        6

Inventory:

Hand Weapons
 a - a +2 sling (weapon)
 b - the +11 short sword of Animal Spirits {drain, Str+3 Int-4 Dex+4}
   (You acquired it on level 2 of the Dungeon)

   Str:       It affects your strength (+3).
   Int:       It affects your intelligence (-4).
   Dex:       It affects your dexterity (+4).
 m - a +1 dagger of venom
   (You took it off an orc wizard on level 3 of the Dungeon)
Missiles
 u - 4 datura-tipped darts
 v - 4 boomerangs
 w - 10 poisoned darts
Armour
 c - a +0 robe (worn)
 f - a +0 ring mail
 g - a +0 pair of boots (worn)
Jewellery
 j - a ring of resist corrosion
 p - a +4 ring of slaying (right hand)
 y - a ring of willpower (left hand)
Scrolls
 d - a scroll of poison
 h - a scroll of fog
 i - a scroll of magic mapping
 o - a scroll of noise
 s - a scroll of immolation {unknown}
 x - a scroll of identify
Potions
 e - a potion of attraction
 k - a potion of curing
 n - a potion of heal wounds {unknown}
 q - a potion of flight {unknown}
 t - a potion of lignification {unknown}


Message History

Aiming: Slow (safe; 5% risk of failure)
Press: ? - help, Shift-Dir - straight line, f - ogre
Aim: an ogre, wielding a +0 giant club (wandering, hasn't noticed you, chance to affect: 46%)
The ogre seems to slow down.
Throw: 12 darts (poison)
Press: ? - help, Shift-Dir - straight line, f/p - ogre
Aim: an ogre, wielding a +0 giant club (slow, 77% to hit)
You throw a poisoned dart. The poisoned dart hits the ogre.
Throw: 11 darts (poison)
Press: ? - help, Shift-Dir - straight line, f/p - ogre
Aim: an ogre, wielding a +0 giant club (slow, 77% to hit)
You throw a poisoned dart. The poisoned dart hits the ogre.
The ogre is poisoned.
The ogre is no longer moving slowly.
You shoot a sling bullet. The sling bullet hits the ogre.
The ogre is moderately wounded.
Cast which spell? (? or * to list)
Aiming: Slow (safe; 5% risk of failure)
Press: ? - help, Shift-Dir - straight line, f/p - ogre
Aim: an ogre, wielding a +0 giant club (moderately wounded, poisoned, chance to affect: 46%)
The ogre resists with some effort.
Cast which spell? (? or * to list)
Aiming: Slow (safe; 5% risk of failure)
Press: ? - help, Shift-Dir - straight line, f/p - ogre
Aim: an ogre, wielding a +0 giant club (moderately wounded, poisoned, chance to affect: 46%)
The ogre resists with some effort.
The ogre hits you with a +0 giant club!!
Ouch! That really hurt!
You take 29 damage.
Okay, then.
As you read the scroll labelled ZUPUCW FOITZO, it crumbles to dust.
You hear a loud clanging noise!
It was a scroll of noise.
You hear an angry growl.
You hear a shout!
You hear an angry hiss.
You hear a bark!
The ogre closely misses you.
As you read the scroll labelled YSAEZU WUMU, it crumbles to dust.
It is a scroll of enchant weapon.
Your +1 sling glows red for a moment.
The ogre looks more healthy.
As you read the scroll labelled NOTIES ITEZYRGH, it crumbles to dust.
Magic quickly surges around you.
It was a scroll of vulnerability.
The ogre completely misses you.
Cast which spell? (? or * to list)
Aiming: Slow (safe; 5% risk of failure)
Press: ? - help, Shift-Dir - straight line, f/p - ogre
Aim: an ogre, wielding a +0 giant club (moderately wounded, weak-willed, chance to affect: 54%)
The ogre resists with significant effort.
The ogre hits you with a +0 giant club!!
Ouch! That really hurt!
You die...

▒▒∙∙∙∙∙∙∙∙∙∙∙∙∙∙∙∙∙
▒∙∙∙∙∙∙∙∙∙∙∙▒▒∙∙∙∙∙
▒∙∙∙∙∙∙∙∙∙∙((∙∙∙∙∙∙
▒∙∙[∙∙∙∙∙∙∙▒▒▒∙∙▒▒
▒∙∙∙∙∙∙∙∙∙∙▒ ▒▒∙∙∙∙
▒∙∙∙∙∙∙∙∙∙∙▒▒▒∙∙∙∙∙
▒▒∙∙∙∙∙∙∙∙∙▒▒∙∙▒▒▒∙ ∙∙▒
▒∙∙∙∙∙O∙∙∙∙▒∙∙▒ ▒>∙∙∙
▒∙∙∙∙∙K∙∙∙∙∙∙∙▒▒▒▒▒∙▒∙∙
▒∙∙∙∙∙∙∙∙∙∙∙∙)∙∙∙∙∙∙∙∙∙
▒∙∙∙∙∙∙∙∙∙∙▒▒∙∙∙∙∙∙∙∙∙∙
▒∙∙∙∙∙∙∙∙∙∙∙∙<▒∙∙∙∙∙∙∙∙
▒▒∙∙∙)∙∙∙∙▒▒▒▒▒∙∙∙∙∙∙∙∙
▒▒<∙∙∙∙▒▒▒ ▒∙∙∙∙∙∙∙∙
▒▒▒▒▒▒▒ ▒∙∙∙∙∙∙∙∙
▒∙∙∙∙∙∙∙∙ ▒▒▒▒)∙∙∙∙


You could see an ogre (weak-willed).

Vanquished Creatures
  Sigmund (D:3)
  An orc wizard (D:3)
  An adder (D:2)
  2 worms (D:2)
  2 dart slugs
  10 orcs
  9 bats
  6 endoplasms
  2 giant cockroaches
  4 hobgoblins
  3 jackals (D:2)
  11 ball pythons
  A frilled lizard (D:1)
  2 goblins (D:1)
  4 kobolds
  5 rats
64 creatures vanquished.

Notes
Turn   | Place    | Note
-------+----------+-------------------------------------------
     0 | D:1      | flappity the Kobold Hexslinger began the quest for the Orb.
     0 | D:1      | Reached XP level 1. HP: 12/12 MP: 2/2
   454 | D:1      | Reached XP level 2. HP: 16/16 MP: 3/3
   760 | D:1      | Reached skill level 3 in Ranged Weapons
   886 | D:2      | Identified a scroll of acquirement
   886 | D:2      | Acquired the +11 short sword of Animal Spirits {drain,
                  | Str+3 Int-4 Dex+4}
   998 | D:2      | Reached XP level 3. HP: 20/20 MP: 2/5
  1749 | D:2      | Got Tam Zebb's Tome of Distance
  1762 | D:2      | Reached skill level 3 in Dodging
  1817 | D:2      | Reached XP level 4. HP: 26/26 MP: 4/6
  2260 | D:3      | Reached skill level 2 in Fighting
  2335 | D:3      | Found an iron altar of Okawaru.
  2417 | D:3      | Found a faded altar of an unknown god.
  2496 | D:3      | Reached XP level 5. HP: 31/31 MP: 7/7
  2729 | D:3      | Found an opulent altar of Gozag.
  2742 | D:3      | Noticed Sigmund
  2760 | D:3      | Killed Sigmund
  2761 | D:3      | Reached skill level 3 in Fighting
  2761 | D:3      | Reached skill level 4 in Ranged Weapons
  2761 | D:3      | Reached skill level 1 in Armour
  2761 | D:3      | Reached skill level 4 in Dodging
  2761 | D:3      | Reached XP level 6. HP: 34/37 MP: 8/8
  3742 | D:4      | Noticed an ogre
  4116 | D:4      | HP: 8/37 [ogre/+0 giant club (29)]
  4120 | D:4      | Annihilated by an ogre

Levels and vault maps discovered:
D:1:      eino_arrival_cavern_e, layout_basic, kennysheep_decorative_pillar,
          hangedman_decor_clover_reticule, minmay_fountain_box
D:2:      layout_basic, kennysheep_another_room, kennysheep_cross_bottleneck
D:3:      layout_basic, mainiacjoe_overflow_boulevard,
          okawaru_ov_weapons_minmay, ebering_ecumenical_altar_webs,
          minmay_misc_feat_x, minmay_door_square, st_stairs_6, uniq_sigmund
D:4:      layout_rooms, kennysheep_mini, minmay_temple_entry_sparse_star,
          serial_shops, nicolae_shop_window_shopping, minivault_5

Action                     |  1- 3 |  4- 6 || total
---------------------------+-------+-------++-------
  Melee: Short sword       |    25 |    30 ||    55
   Fire: Sling             |    73 |    37 ||   110
  Throw: Dart              |       |     3 ||     3
   Cast: Slow              |     5 |    16 ||    21
    Use: Scroll            |     2 |     8 ||    10
         Potion            |       |     3 ||     3
   Stab: Sleeping          |       |     2 ||     2
 Armour: Ring mail         |    24 |       ||    24
         Robe              |     4 |     1 ||     5
  Dodge: Dodged            |    61 |    25 ||    86
